 Dungeon Crawl Stone Soup version 0.26-a0-1139-g7d2dc893a1 (webtiles) character file.

Game seed: 16396132503916769223

2 Dracia the Skirmisher (level 1, 18/18 HPs)
             Began as a Demonspawn Fighter on Dec 21, 2020.
             Quit the game on level 1 of the Dungeon.
             The game lasted 00:00:13 (54 turns).

Dracia the Skirmisher (Demonspawn Fighter)            Turns: 54, Time: 00:00:14

Health: 18/18      AC:  6    Str: 16    XL:     1   Next: 25%
Magic:  1/1        EV:  6    Int:  9    God:
Gold:   9          SH:  8    Dex: 12    Spells: 0/0 levels left

rFire    . . .     SeeInvis .   a - +0 war axe
rCold    . . .     Faith    .   c - +0 kite shield
rNeg     . . .     Spirit   .   b - +0 scale mail
rPois    .         Reflect  .   (no helmet)
rElec    .         Harm     .   (no cloak)
rCorr    .         Rampage  .   (no gloves)
Will     .....                  (no boots)
Stlth    ..........             (no amulet)
HPRegen  0.06/turn              (no ring)
MPRegen  0.07/turn              (no ring)

@: no status effects
A: no striking features
a: no special abilities


You were on level 1 of the Dungeon.
You visited 1 branch of the dungeon, and saw 1 of its levels.

You collected 9 gold pieces.


   Skills:
 - Level 3.0 Fighting
 * Level 1.9 Axes
 + Level 2.7 Armour
 + Level 2.7 Shields


You couldn't memorise any spells.
You didn't know any spells.
Your spell library was empty.

Inventory:

Hand Weapons
 a - a +0 war axe (weapon)
Armour
 b - a +0 scale mail (worn)
 c - a +0 kite shield (worn)
Scrolls
 e - a scroll of fog {unknown}
Potions
 d - a potion of might

Dungeon Overview and Level Annotations

Branches:
Dungeon (1/15)

Altars:

.##......>....... #
#####.#.........# #
#.#.........# .#.
#...........###..
########............#
#...................#
##†..................###
..........#####.)......#
..........# #.@......#
...######.#####........#
#### #.....'........+
#######........#
#........# #........#
##########


There were no monsters in sight!


Message History

e - a scroll labelled DOJURPH BAUNUVI No target in view!
A frilled lizard comes into view.
The frilled lizard hisses angrily.
A frilled lizard is nearby!
A frilled lizard is nearby!
You closely miss the frilled lizard.
You block the frilled lizard's attack. x2
You slash the frilled lizard!
You kill the frilled lizard!
No target in view!
You now have 9 gold pieces.
You see here a frilled lizard corpse.
You open the door.
A goblin comes into view. It is wielding a +0 dagger.
The goblin moves out of view.
There is an open door here.
A goblin is nearby!
A goblin is nearby!
A goblin is nearby!
You block the goblin's attack.
You barely miss the goblin. The goblin hits you but does no damage.
You slash the goblin!
You kill the goblin!
(D) Dungeon
Where to? (? - help)
Okay, then.
Unknown command.
Are you sure you want to abandon this character and quit the game? (Confirm with "yes".)
Okay, then.
Are you sure you want to abandon this character and quit the game? (Confirm with "yes".)

Action                   || total
-------------------------++-------
Melee: War axe           ||     4
Armor: Scale mail        ||     1
Block: Kite shield       ||     3

Levels and vault maps discovered:
D:1:      lightli_arrival_statue_moat, layout_basic

Notes
Turn   | Place    | Note
-------+----------+-------------------------------------------
     0 | D:1      | Dracia the Demonspawn Fighter began the quest for the Orb.
     0 | D:1      | Reached XP level 1. HP: 18/18 MP: 1/1
    54 | D:1      | Quit the game

Vanquished Creatures
  A goblin (D:1)
  A frilled lizard (D:1)
2 creatures vanquished.

Table legend: (Time is in decaauts)
 A = Elapsed time spent in this place.
 B = Non-inter-level travel time spent in this place.
 C = Inter-level travel time spent in this place.
 D = Time resting spent in this place.
 E = Time spent auto-exploring this place.
 F = Levels seen in this place.
 G = Mean time per level.
                   A        B        C        D        E       F      G
               +--------+--------+--------+--------+--------+-----+--------+
         Total |     56 |     56 |      0 |      0 |     42 |   1 |   56.0 |
       Dungeon |     56 |     56 |      0 |      0 |     42 |   1 |   56.0 |
               +--------+--------+--------+--------+--------+-----+--------+

Top non-repeatable levels by time:
     D:1: 56 daAuts

Table legend:
 A = Non-vault XP
 B = Vault XP
 C = Vault XP percentage of total XP
 D = Non-vault monster count
 E = Vault monster count
 F = Vault count percentage of total count
                 A         B        C        D         E       F
            +---------+---------+-------+---------+---------+-------
      Total |       3 |       0 |   0.0 |       2 |       0 |   0.0
            +---------+---------+-------+---------+---------+-------
        D:1 |       3 |       0 |   0.0 |       2 |       0 |   0.0
            +---------+---------+-------+---------+---------+-------
